NCAA
PITTSBURGH PANTHERS @ VIRGINIA TECH HOKIES
05/12/2023
 
TOP OF THE 1ST
Pittsburgh Panthers batting - Pitching for Virginia Tech Hokies : RHP Frank Davis
Pitching: RHP Frank Davis
Batting: RHB Gerald Arnold 0-0: Ball
1-0: Foul Ball, location: 2F
1-1: Swinging Strike
1-2: Strikes out swinging
Batting: SHB Chet Johnston 0-0: Ball
1-0: Swinging Strike
1-1: Ball
2-1: Foul Ball, location: 2F
2-2: Foul Ball, location: 2F
2-2: Strikes out swinging
Batting: RHB León Rivera 0-0: Called Strike
0-1: Foul Ball, location: 2F
0-2: Ball
1-2: Ball
2-2: Ball
3-2: Fly out, F7 (Flyball, 7M)
Top of the 1st over - 0 run(s), 0 hit(s), 0 error(s), 0 left on base; Pittsburgh 0 - Virginia Tech 0
BOTTOM OF THE 1ST
Virginia Tech Hokies batting - Pitching for Pittsburgh Panthers : RHP Michael Anderson
Pitching: RHP Michael Anderson
Batting: RHB Jerry Moore 0-0: Called Strike
0-1: Called Strike
0-2: Ball
1-2: Ball
2-2: Strikes out looking
Batting: LHB Miguel López 0-0: Called Strike
0-1: Foul Ball, location: 2F
0-2: Fly out, F9 (Flyball, 89M)
Batting: RHB Jesús Lara 0-0: Foul Ball, location: 2F
0-1: Foul Ball, location: 2F
0-2: Strikes out swinging
Bottom of the 1st over - 0 run(s), 0 hit(s), 0 error(s), 0 left on base; Pittsburgh 0 - Virginia Tech 0
TOP OF THE 2ND
Pittsburgh Panthers batting - Pitching for Virginia Tech Hokies : RHP Frank Davis
Batting: LHB Mark Folger 0-0: Fly out, F7 (Flyball, 78M)
Batting: LHB Phil Neal 0-0: Swinging Strike
0-1: Ball
1-1: Swinging Strike
1-2: Strikes out swinging
Batting: RHB Aaron Grizzle 0-0: Ball
1-0: Ground out 6-3 (Groundball, 6)
Top of the 2nd over - 0 run(s), 0 hit(s), 0 error(s), 0 left on base; Pittsburgh 0 - Virginia Tech 0
BOTTOM OF THE 2ND
Virginia Tech Hokies batting - Pitching for Pittsburgh Panthers : RHP Michael Anderson
Batting: RHB Francisco González 0-0: Called Strike
0-1: Foul Ball, location: 2F
0-2: Ground out 6-3 (Groundball, 6)
Batting: RHB Felipe Núñez 0-0: Called Strike
0-1: Swinging Strike
0-2: Strikes out swinging
Batting: RHB Carlos Solís 0-0: Called Strike
0-1: SINGLE (Groundball, 4)
Batting: RHB Denny Washington 0-0: Ball
1-0: Called Strike
1-1: Called Strike
1-2: Ball
Carlos Solís steals 2nd base
2-2: Ground out 1-3 (Groundball, 13S)
Bottom of the 2nd over - 0 run(s), 1 hit(s), 0 error(s), 1 left on base; Pittsburgh 0 - Virginia Tech 0
TOP OF THE 3RD
Pittsburgh Panthers batting - Pitching for Virginia Tech Hokies : RHP Frank Davis
Batting: SHB Jacob Everett 0-0: Ball
1-0: Ground out 3-1 (Groundball, 34)
Batting: RHB David Kerr 0-0: Called Strike
0-1: Foul Ball, location: 2F
0-2: Foul Ball, location: 2F
0-2: SINGLE (Line Drive, 4MD)
Batting: RHB Damon McKay 0-0: SINGLE (Line Drive, 4D)
David Kerr to second
Runner from 2nd tries for 3rd, OUT!
Damon McKay to second
Batting: RHB Gerald Arnold 0-0: Ball
1-0: Foul Ball, location: 2F
1-1: Foul Ball, location: 2F
1-2: Strikes out looking
Top of the 3rd over - 0 run(s), 2 hit(s), 0 error(s), 1 left on base; Pittsburgh 0 - Virginia Tech 0
BOTTOM OF THE 3RD
Virginia Tech Hokies batting - Pitching for Pittsburgh Panthers : RHP Michael Anderson
Batting: RHB Matt Dickson 0-0: Ball
1-0: Hit by Pitch
Batting: LHB Kenny Harris 0-0: Called Strike
0-1: Ball
1-1: Foul Ball, location: 2F
1-2: SINGLE (Groundball, 4MD)
Matt Dickson to second
Batting: RHB Jerry Moore 0-0: Foul Ball, location: 2F
0-1: Ball
1-1: Ball
2-1: Ball
3-1: Grounds into double play, 6-4-3 (Groundball, 6)
Matt Dickson to third
Batting: LHB Miguel López 0-0: Ball
1-0: Called Strike
1-1: Ball
2-1: Ground out 4-3 (Groundball, 13)
Bottom of the 3rd over - 0 run(s), 1 hit(s), 0 error(s), 1 left on base; Pittsburgh 0 - Virginia Tech 0
TOP OF THE 4TH
Pittsburgh Panthers batting - Pitching for Virginia Tech Hokies : RHP Frank Davis
Batting: SHB Chet Johnston 0-0: Ball
1-0: Foul Ball, location: 2F
1-1: Foul Ball, location: 2F
1-2: Ball
2-2: Strikes out looking
Batting: RHB León Rivera 0-0: Ground out 1-3 (Groundball, 13S)
Batting: LHB Mark Folger 0-0: Fly out, F2 (Popup, 2RF)
Top of the 4th over - 0 run(s), 0 hit(s), 0 error(s), 0 left on base; Pittsburgh 0 - Virginia Tech 0
BOTTOM OF THE 4TH
Virginia Tech Hokies batting - Pitching for Pittsburgh Panthers : RHP Michael Anderson
Batting: RHB Jesús Lara 0-0: Ground out U3 (Groundball, 3)
Batting: RHB Francisco González 0-0: Ball
1-0: Called Strike
1-1: Called Strike
1-2: Foul Ball, location: 2F
1-2: Foul Ball, location: 2F
1-2: Strikes out looking
Batting: RHB Felipe Núñez 0-0: SINGLE (Line Drive, 78M)
Batting: RHB Carlos Solís 0-0: Called Strike
0-1: Swinging Strike
0-2: Fly out, F9 (Flyball, 9M)
Bottom of the 4th over - 0 run(s), 1 hit(s), 0 error(s), 1 left on base; Pittsburgh 0 - Virginia Tech 0
TOP OF THE 5TH
Pittsburgh Panthers batting - Pitching for Virginia Tech Hokies : RHP Frank Davis
Batting: LHB Phil Neal 0-0: Swinging Strike
0-1: Called Strike
0-2: Ball
1-2: Ball
2-2: Strikes out swinging
Batting: RHB Aaron Grizzle 0-0: Called Strike
0-1: Ball
1-1: SINGLE (Line Drive, 6D)
Batting: SHB Jacob Everett 0-0: Foul Ball, location: 2F
0-1: TRIPLE (Groundball, 3L)
Aaron Grizzle scores
Batting: RHB David Kerr 0-0: Intentional Walk
Batting: RHB Damon McKay 0-0: Fly out, F9 (Flyball, 9M)
Runner from 3rd tags up, SCORES, throw made
Batting: RHB Gerald Arnold 0-0: Ball
David Kerr is caught stealing 2nd base
Top of the 5th over - 2 run(s), 2 hit(s), 0 error(s), 0 left on base; Pittsburgh 2 - Virginia Tech 0
BOTTOM OF THE 5TH
Virginia Tech Hokies batting - Pitching for Pittsburgh Panthers : RHP Michael Anderson
Batting: RHB Denny Washington 0-0: SINGLE (Flyball, 4MD)
Batting: RHB Matt Dickson 0-0: Swinging Strike
0-1: Ball
1-1: Fly out, F6 (Line Drive, 6)
Batting: LHB Kenny Harris 0-0: Ball
1-0: Swinging Strike
1-1: Ball
2-1: Foul Ball, location: 2F
2-2: Grounds into double play, 1-6-3 (Groundball, 13)
Bottom of the 5th over - 0 run(s), 1 hit(s), 0 error(s), 0 left on base; Pittsburgh 2 - Virginia Tech 0
TOP OF THE 6TH
Pittsburgh Panthers batting - Pitching for Virginia Tech Hokies : RHP Frank Davis
Batting: RHB Gerald Arnold 0-0: Called Strike
0-1: Ball
1-1: Foul Ball, location: 2F
1-2: Ball
2-2: Foul Ball, location: 2F
2-2: Ball
3-2: Fly out, F4 (Line Drive, 4MD)
Batting: SHB Chet Johnston 0-0: Called Strike
0-1: Ball
1-1: Called Strike
1-2: Strikes out swinging
Batting: RHB León Rivera 0-0: Called Strike
0-1: Foul Ball, location: 2F
0-2: Ball
1-2: Strikes out swinging
Top of the 6th over - 0 run(s), 0 hit(s), 0 error(s), 0 left on base; Pittsburgh 2 - Virginia Tech 0
BOTTOM OF THE 6TH
Virginia Tech Hokies batting - Pitching for Pittsburgh Panthers : RHP Michael Anderson
Batting: RHB Jerry Moore 0-0: Called Strike
0-1: Fly out, F7 (Line Drive, 7S)
Batting: LHB Miguel López 0-0: Ball
1-0: Ball
2-0: Ball
3-0: Base on Balls
Batting: RHB Jesús Lara 0-0: Foul Ball, location: 2F
0-1: Ball
Miguel López is caught stealing 2nd base
1-1: Foul Ball, location: 2F
1-2: Ball
2-2: SINGLE (Line Drive, 9S)
Batting: RHB Francisco González 0-0: Ball
1-0: Ground out 3-1 (Groundball, 34)
Bottom of the 6th over - 0 run(s), 1 hit(s), 0 error(s), 1 left on base; Pittsburgh 2 - Virginia Tech 0
TOP OF THE 7TH
Pittsburgh Panthers batting - Pitching for Virginia Tech Hokies : RHP Frank Davis
Batting: LHB Mark Folger 0-0: Ball
1-0: Ball
2-0: SINGLE (Line Drive, 89S)
Batting: LHB Phil Neal 0-0: Ball
Mark Folger steals 2nd base
1-0: Intentional Walk
Batting: RHB Aaron Grizzle 0-0: Ball
1-0: Ground out 4-3 (Groundball, 4M)
Mark Folger to third
Phil Neal to second
Batting: SHB Jacob Everett 0-0: Intentional Walk
Pitching: RHP Dani Vásquez
Batting: RHB David Kerr 0-0: Called Strike
0-1: Fly out, F9 (Line Drive, 89M)
Runner from 3rd tags up, SCORES, no throw
Batting: RHB Damon McKay 0-0: Ball
1-0: Foul Ball, location: 2F
1-1: Fly out, F8 (Flyball, 8RM)
Top of the 7th over - 1 run(s), 1 hit(s), 0 error(s), 2 left on base; Pittsburgh 3 - Virginia Tech 0
BOTTOM OF THE 7TH
Virginia Tech Hokies batting - Pitching for Pittsburgh Panthers : RHP Michael Anderson
Batting: RHB Felipe Núñez 0-0: Ball
1-0: Foul Ball, location: 2F
1-1: Foul Ball, location: 2F
1-2: DOUBLE (Flyball, 8LXD)
Batting: RHB Carlos Solís 0-0: Ball
1-0: Swinging Strike
1-1: Foul Ball, location: 2F
1-2: Ball
2-2: Foul Ball, location: 2F
2-2: Ball
3-2: Strikes out looking
Pitching: RHP Albert Ángel
Batting: RHB Denny Washington 0-0: DOUBLE (Line Drive, 7LS)
Felipe Núñez scores
Batting: RHB Matt Dickson 0-0: Called Strike
0-1: Swinging Strike
0-2: Strikes out swinging
Batting: LHB Kenny Harris 0-0: Fly out, F8 (Flyball, 78M)
Bottom of the 7th over - 1 run(s), 2 hit(s), 0 error(s), 1 left on base; Pittsburgh 3 - Virginia Tech 1
TOP OF THE 8TH
Pittsburgh Panthers batting - Pitching for Virginia Tech Hokies : RHP Dani Vásquez
Batting: RHB Gerald Arnold 0-0: Ball
1-0: Ball
2-0: Called Strike
2-1: Ground out 5-3 (Groundball, 5)
Batting: SHB Chet Johnston 0-0: Swinging Strike
0-1: Ball
1-1: Foul Ball, location: 2F
1-2: Fly out, F7 (Flyball, 7M)
Batting: RHB León Rivera 0-0: Called Strike
0-1: Called Strike
0-2: Ball
1-2: SINGLE (Flyball, 7M)
Batting: LHB Mark Folger 0-0: Called Strike
0-1: Ball
1-1: Fly out, F4 (Line Drive, 4)
Top of the 8th over - 0 run(s), 1 hit(s), 0 error(s), 1 left on base; Pittsburgh 3 - Virginia Tech 1
BOTTOM OF THE 8TH
Virginia Tech Hokies batting - Pitching for Pittsburgh Panthers : RHP Albert Ángel
Batting: RHB Jerry Moore 0-0: Ball
1-0: Ball
2-0: Ball
3-0: Called Strike
3-1: Base on Balls
Pitching: RHP Steve Gandarilla
Batting: LHB Miguel López 0-0: Ball
1-0: Foul Ball, location: 2F
1-1: Ball
2-1: Called Strike
2-2: Foul Ball, location: 2F
2-2: Ball
3-2: Base on Balls
Jerry Moore to second
Batting: RHB Jesús Lara 0-0: Foul Ball, location: 2F
0-1: Ball
1-1: Grounds into double play, U5-3 (Groundball, 5L)
Miguel López to second
Batting: RHB Francisco González 0-0: Called Strike
0-1: Swinging Strike
0-2: Ball
1-2: Strikes out looking
Bottom of the 8th over - 0 run(s), 0 hit(s), 0 error(s), 1 left on base; Pittsburgh 3 - Virginia Tech 1
TOP OF THE 9TH
Pittsburgh Panthers batting - Pitching for Virginia Tech Hokies : RHP Dani Vásquez
Pitching: RHP Jesús Gonzáles
Batting: LHB Phil Neal 0-0: Ball
1-0: Ball
2-0: SINGLE (Groundball, 15S) (infield hit)
Batting: RHB Aaron Grizzle 0-0: Called Strike
0-1: Ball
1-1: Fly out, F7 (Flyball, 7M)
Batting: SHB Jacob Everett 0-0: Called Strike
0-1: Called Strike
0-2: Ball
1-2: Ball
2-2: Ball
3-2: Fly out, F1 (Popup, 25)
Batting: RHB David Kerr 0-0: Ball
1-0: Called Strike
Balk!
Phil Neal to second
1-1: Ball
2-1: Foul Ball, location: 2F
2-2: Ground out 6-3 (Groundball, 6M)
Top of the 9th over - 0 run(s), 1 hit(s), 0 error(s), 1 left on base; Pittsburgh 3 - Virginia Tech 1
BOTTOM OF THE 9TH
Virginia Tech Hokies batting - Pitching for Pittsburgh Panthers : RHP Steve Gandarilla
Pitching: RHP Cisco Quintana
Batting: RHB Felipe Núñez 0-0: Fly out, F3 (Popup, 3DF)
Batting: RHB Carlos Solís 0-0: Ball
1-0: Swinging Strike
1-1: Ball
2-1: Ball
3-1: Called Strike
3-2: Foul Ball, location: 2F
3-2: Strikes out swinging
Batting: RHB Denny Washington 0-0: Ball
1-0: Ball
2-0: Ball
3-0: Called Strike
3-1: Base on Balls
Batting: RHB Matt Dickson 0-0: Called Strike
0-1: Swinging Strike
0-2: Ball
1-2: Ball
2-2: Strikes out looking
Bottom of the 9th over - 0 run(s), 0 hit(s), 0 error(s), 1 left on base; Pittsburgh 3 - Virginia Tech 1
This league is powered by Out of the Park Baseball, the baseball management simulation game for PC, Mac and Linux
Wednesday, December 2nd, 2015 - OOTP Baseball 16.8 Build 38